 Dungeon Crawl Stone Soup version 0.28.0-43-g3370ac3207 (console) character file.

Game seed: 11525641003841388489

84 Zeor the Poker (level 4, -4/27 HPs)
             Began as a Tengu Gladiator on Mar 22, 2022.
             Slain by an orc
             ... wielding a +0 flail
              (7 damage)
             ... on level 3 of the Dungeon.
             The game lasted 00:05:52 (2265 turns).

Zeor the Poker (Tengu Gladiator)                    Turns: 2265, Time: 00:05:53

Health: -4/27      AC:  3    Str: 14    XL:     4   Next: 45%
Magic:  5/5        EV: 13    Int:  8    God:
Gold:   136        SH:  0    Dex: 18    Spells: 3/3 levels left

rFire   + . .      SeeInvis .   a - +0 trident
rCold   . . .      Faith    .   (no shield)
rNeg    . . .      Spirit   .   b - +0 leather armour
rPois   .          Reflect  .   c - +0 hat
rElec   .          Harm     .   (no cloak)
rCorr   .          Rampage  .   (no gloves)
Will    .....                   (boots unavailable)
Stlth   +.........              (no amulet)
HPRegen 0.09/turn               h - ring of protection from fire
MPRegen 0.09/turn               (no ring)

@: flying
A: beak, talons 3
a: no special abilities


You were on level 3 of the Dungeon.
You visited 1 branch of the dungeon, and saw 3 of its levels.

You collected 162 gold pieces.
You spent 26 gold pieces at shops.

Inventory:

Hand Weapons
 a - a +0 trident (weapon)
 q - a +1 war axe of electrocution
Missiles
 d - 3 throwing nets (quivered)
 k - 19 arrows
Armour
 b - a +0 leather armour (worn)
 c - a +0 hat (worn)
Jewellery
 h - a ring of protection from fire (left hand)
Scrolls
 g - 2 scrolls of teleportation
 l - a scroll of fog {unknown}
 m - a scroll of summoning {unknown}
 o - a scroll of noise {unknown}
 p - a scroll of amnesia {unknown}
Potions
 n - a potion of mutation {unknown}


   Skills:
 + Level 2.3 Fighting
 * Level 4.9 Polearms
 + Level 2.0 Throwing
 + Level 1.0 Armour
 * Level 3.7 Dodging


You had 3 spell levels left.
You didn't know any spells.
Your spell library was empty.

Dungeon Overview and Level Annotations

Branches:
Dungeon (3/15)

Altars:
Dithmenos

Shops:
D:2 *   D:3 (


Innate Abilities, Weirdness & Mutations

You have a beak for a mouth.
You have claws for feet.


Message History

Your Armour skill increases to level 1!
An orc priest comes into view. It is wielding a +0 short sword.
The orc priest shouts!
You hear a shout!
The orc priest miscasts a cantrip.
An orc comes into view. It is wielding a +0 flail.
The orc priest miscasts a cantrip.
An orc comes into view. It is wielding a +0 club.
You closely miss the orc priest.
The orc shouts!
Your kick misses the orc priest.
The orc priest mumbles some strange prayers to Beogh against you.
Pain shoots through your body!
An orc comes into view. It is wielding a +0 club.
The orc priest invokes the aid of Beogh against you.
Pain shoots through your body!
Ouch! That really hurt!
* * * LOW HITPOINT WARNING * * *
You feel better.
The orc shouts!
The orc priest looks encouraged for a moment.
You barely miss the orc priest. Your kick misses the orc priest.
The orc priest hits you but does no damage.
You closely miss the orc priest.
You claw the orc priest, but do no damage.
The orc hits you but does no damage.
The orc priest hits you with a +0 short sword.
* * * LOW HITPOINT WARNING * * *
You barely miss the orc priest. Your kick misses the orc priest.
You peck the orc priest, but do no damage.
The orc hits you with a +0 flail!
* * * LOW HITPOINT WARNING * * *
You feel better. The orc barely misses you.
The orc priest hits you with a +0 short sword.
* * * LOW HITPOINT WARNING * * *
The orc hits you with a +0 club.
* * * LOW HITPOINT WARNING * * *
It was a potion of flight.
You feel very buoyant.
You fly up into the air.
The orc hits you with a +0 flail!
You die... ∙∙∙∙∙∙∙ ∙∙∙∙∙∙∙

∙∙▒∙∙∙ ∙∙∙∙∙▒▒ ∙∙
▒∙∙∙∙▒ ▒▒▒∙▒∙ ▒∙∙∙o▒
▒ ▒∙∙∙∙∙∙▒ ▒∙∙oo▒
▒▒▒∙▒▒∙▒∙▒ ▒∙∙oQ▒▒
∙∙∙∙▒▒∙▒∙▒ ▒∙∙∙∙∙▒
∙∙∙∙▒▒∙∙∙▒ ▒∙∙∙▒∙▒
∙∙∙∙∙∙∙∙▒ ▒∙∙∙∙∙▒
∙∙∙∙∙∙∙∙▒ ▒∙∙∙∙∙▒
∙∙∙∙∙∙∙▒▒ ▒∙∙∙∙∙▒▒
∙∙∙∙▒∙∙▒▒▒▒▒▒∙∙∙∙∙∙▒


∙∙∙∙ ∙∙∙∙▒∙∙∙∙∙∙∙▒▒▒▒∙∙∙▒ ∙∙∙∙∙ ∙∙∙∙∙∙∙▒▒▒▒∙▒ ▒▒▒∙▒ ∙∙∙∙∙∙ You could see an orc
priest and 3 orcs.

Vanquished Creatures
  An orc wizard (D:3)
  An adder (D:3)
  2 dart slugs
  4 orcs (D:3)
  8 endoplasms
  3 goblins
  6 hobgoblins (D:1)
  4 kobolds
  3 ball pythons
  2 bats
  A frilled lizard (D:1)
  2 rats
37 creatures vanquished.

Notes
Turn   | Place    | Note
-------+----------+-------------------------------------------
     0 | D:1      | Zeor the Tengu Gladiator began the quest for the Orb.
     0 | D:1      | Reached XP level 1. HP: 12/12 MP: 2/2
   378 | D:1      | Found a faded altar of an unknown god.
   394 | D:1      | Reached XP level 2. HP: 17/17 MP: 3/3
   806 | D:1      | Reached skill level 4 in Polearms
   818 | D:1      | Reached XP level 3. HP: 21/21 MP: 4/4
  1378 | D:2      | Found Ywociun's General Store.
  1382 | D:2      | Bought a scroll of identify for 26 gold pieces
  1518 | D:2      | Found a shadowy altar of Dithmenos.
  1874 | D:3      | Found Licloj's Antique Weapon Shop.
  1994 | D:3      | Reached XP level 4. HP: 22/26 MP: 5/5
  2186 | D:3      | Reached skill level 1 in Armour
  2263 | D:3      | HP: 1/27 [orc/+0 flail (8)]
  2265 | D:3      | Slain by an orc

Illustrated notes

Levels and vault maps discovered:
D:1:      dpeg_arrival_three_same_balls, layout_loops_cross,
          chequers_ecumenical_altar_island, minmay_tetromino_l4
D:2:      layout_basic, serial_shops, shop, basic_altar
D:3:      layout_rooms, serial_shops, shop

Skill      XL: |  1  2  3  4 |
---------------+-------------+-----
Polearms       | 4 |  4.9
Armour         | 1 |  1.0
Fighting       | |  2.3
Throwing       | |  2.0
Dodging        | |  3.7

Action                   |  1- 3 |  4- 6 || total
-------------------------+-------+-------++-------
Melee: Trident           |    89 |    13 ||   102
       Kick              |    17 |     2 ||    19
       Peck              |     7 |     2 ||     9
       Punch             |     1 |       ||     1
  Use: Scroll            |     4 |       ||     4
       Potion            |     2 |     3 ||     5
 Stab: Sleeping          |     4 |       ||     4
Armor: Leather armour    |     3 |     2 ||     5
       Skin              |    12 |     4 ||    16
Dodge: Dodged            |    23 |     3 ||    26
